 Dungeon Crawl Stone Soup version 0.22-a0-542-gce4f928 (webtiles) character file.

23 inc the Conjurer (level 3, 21/21 HPs)
             Began as an Octopode Conjurer on June 24, 2018.
             Quit the game on level 1 of the Dungeon.
             The game lasted 00:01:35 (1031 turns).

inc the Conjurer (Octopode Conjurer)                Turns: 1031, Time: 00:01:35

Health: 21/21      AC:  1    Str:  7    XL:     3   Next: 0%
Magic:  7/7        EV: 13    Int: 18    God:
Gold:   12         SH:  0    Dex: 12    Spells: 7/8 levels left

rFire    . . .     SeeInvis .   (no weapon)
rCold    . . .     Gourm    .   (no shield)
rNeg     . . .     Faith    .   (helmet restricted)
rPois    .         Spirit   .   (no amulet)
rElec    .         Reflect  .   (no ring)
rCorr    .         Harm     .   (no ring)
MR       .....                  (no ring)
Stlth    +++.......             (no ring)
HPRegen  0.07/turn              (no ring)
MPRegen  0.10/turn              (no ring)
                                (no ring)
                                (no ring)

@: no status effects
A: almost no armour, stealthy swim, amphibious, 8 rings, constrict 8, camouflage
1, gelatinous body 1
a: no special abilities


You were on level 1 of the Dungeon.
You were not hungry.

You visited 1 branch of the dungeon, and saw 1 of its levels.

You collected 12 gold pieces.

Inventory:

Scrolls
 a - a scroll of amnesia {unknown}
 c - a scroll of immolation {unknown}
Comestibles
 b - 4 rations


   Skills:
 - Level 2.0 Dodging
 - Level 2.6 Stealth
 + Level 3.2 Spellcasting
 - Level 4.0 Conjurations


You had 7 spell levels left.
You knew the following spells:

 Your Spells              Type           Power        Failure   Level  Hunger
a - Magic Dart            Conj           ###.         3%          1    None

Your spell library contained the following spells:

 Spells                   Type           Power        Failure   Level  Hunger
 Iskenderun's Mystic Bla  Conj           ###.....     30%         4    ####...
 Fulminant Prism          Conj/Hex       ##........   56%         4    ####...
 Dazzling Spray           Conj/Hex       ##....       22%         3    ###....
 Force Lance              Conj/Tloc      ##......     56%         4    ####...
 Searing Ray              Conj           ###...       4%          2    ##.....


Dungeon Overview and Level Annotations

Branches:
Dungeon (1/15)

Altars:


Innate Abilities, Weirdness & Mutations

You cannot wear most types of armour.
You are very stealthy in the water. (Stealth+)
You are amphibious.
You can wear up to eight rings at the same time.
You can use your tentacles to constrict eight enemies at once.
Your skin changes colour to match your surroundings (Stealth+).
Your rubbery body absorbs attacks. (AC +1, EV +1)


Message History

Confirm with . or Enter, or press ? or * to list all spells.
Aiming: Magic Dart (safe; 3% risk of failure)
Press: ? - help, Shift-Dir - straight line, f/p - leopard gecko
Aim: a leopard gecko (almost dead, clinging)
The magic dart hits the leopard gecko.
You kill the leopard gecko!
You have reached level 3!
Your experience leads to an increase in your attributes!
Increase (S)trength, (I)ntelligence, or (D)exterity?
You feel clever.
You start resting.
Your magical contamination has completely faded away.
You start resting.
Magic restored.
You now have 12 gold pieces.
Key pressed, stopping explore.
Done exploring.
Done exploring.
You see here a dagger.
Are you sure you want to abandon this character and quit the game? (Confirm with "yes".)

###..............#
....#####..####### #####
#.......# #########..####.#
...........# #.#
#########..# #.#
#########.)####.###########
..........................#
..........(..((.@.....##.##
...........#############.#
.......[....# #.#
............# #.#
............############.#
.........................#
............##############
######.#.#..# #...........#


There were no monsters in sight!

Vanquished Creatures
  A dart slug (D:1)
  A leopard gecko (D:1)
  A giant cockroach (D:1)
  2 goblins (D:1)
  4 hobgoblins (D:1)
  3 jackals (D:1)
  3 bats (D:1)
  A frilled lizard (D:1)
  2 kobolds (D:1)
  A rat (D:1)
19 creatures vanquished.

Notes
Turn   | Place    | Note
-------+----------+-------------------------------------------
     0 | D:1      | inc the Octopode Conjurer began the quest for the Orb.
     0 | D:1      | Reached XP level 1. HP: 11/11 MP: 3/3
   243 | D:1      | Reached XP level 2. HP: 17/17 MP: 2/5
   810 | D:1      | Reached XP level 3. HP: 21/21 MP: 2/7
  1031 | D:1      | Quit the game

Vault maps used:
D:1:      scummos_arrival_simple_crosswalls

Skill      XL: |  1  2 |
---------------+-------+-----
Spellcasting   | 3 |  3.2
Dodging        | |  2.0
Stealth        | |  2.6
Conjurations   | |  4.0

Action                   || total
-------------------------++-------
Melee: Unarmed           ||    20
       Constrict         ||     4
       Tentacles         ||     2
 Cast: Magic Dart        ||    34
 Stab: Sleeping          ||     1
Armor: Skin              ||     3
Dodge: Dodged            ||    20

Table legend:
 A = Spawn XP
 B = Non-spawn XP
 C = Spawn XP percentage of total XP
 D = Spawn monster count
 E = Non-spawn monster count
 F = Spawn count percentage of total count
 G = Total turns spent on level
                    A         B        C        D         E        F      G
               +---------+---------+-------+---------+---------+-------+---------
         Total |       0 |      34 |   0.0 |       0 |      19 |   0.0 |  1031
               +---------+---------+-------+---------+---------+-------+---------
           D:1 |       0 |      34 |   0.0 |       0 |      19 |   0.0 |  1031
               +---------+---------+-------+---------+---------+-------+---------
